AoeStats
← M0rdux

Black Forest

510063261Analyzed
4v4 RM · 3d ago on Sep 29, 2026· 8m 47s· 8 players
Game mode
Random Map
Map size
Large (8 player)
Population
200
Speed
Normal
Resources
Standard
Victory
Conquest
Starting age
Dark Age
Ending age
Imperial Age
RankedLock teamsTeams togetherTeam positionsShared explorationLock speedFull tech treeHidden civsTurbo modeCheats
Victory
Defeat
🇮🇳 Sicilians · India
1054
+15
🇨🇳 Bulgarians · China
1025
+16
🇮🇳 Slavs · India
1007
+17
🇮🇳 Berbers · India
998
+17
🇵🇱 Varangians · Poland
1041
-16
🇨🇳 Goths · China
1034
-17
🇦🇷 Georgians · Argentina
1026
-16
🇪🇸 Britons · Spain
1014
-16
Owen Knight
6:10 Loom
SHALOMS WRATH
0:34 Loom
ravish.ratnam
0:28 Loom
9:58 Feudal Age
wujiang
4:57 Loom
EL CID
0:57 Loom
M0rdux
5:33 Loom
tikymax
Will Troll If Not Arena
1:32 Loom
Connection lost

Rejoining the realm…

Still unreachable

The connection could not be restored.

Session expired

The server has moved on; the page needs a fresh start.